 Dungeon Crawl Stone Soup version 0.18-a0-1347-gb9e2fb4 (webtiles) character file.

118 M4edhros the Insei (level 4, -4/35 HPs)
             Began as a Mummy Monk on Feb 17, 2016.
             Slain by a gnoll
             ... wielding a +0 spear
              (7 damage)
             ... on level 3 of the Dungeon.
             The game lasted 00:06:02 (3985 turns).

M4edhros the Insei (Mummy Monk)                     Turns: 3985, Time: 00:06:03

Health: -4/35      AC:  1    Str: 14    XL:     4   Next: 72%
Magic:  4/4        EV: 13    Int: 12    God:
Gold:   103        SH:  0    Dex: 15    Spells: 0 memorised, 3 levels left

rFire  . . .     SeeInvis .       - Unarmed
rCold  . . .     Gourm    .     (no armour)
rNeg   + + +     Faith    .     (no shield)
rPois  ∞         Spirit   .     (no helmet)
rElec  .         Dismiss  .     (no cloak)
rCorr  .         Reflect  .     e - +0 pair of gloves
SustAt .         Harm     .     (no boots)
MR     .....                    (no amulet)
Stlth  ++........               a - +3 ring of intelligence
                                f - ring of fire

@: not resistant to hostile enchantments, unstealthy
A: no food or potions, fire vulnerability, cold resistance 1, negative energy
resistance 3, torment resistance, unbreathing
a: no special abilities


You were on level 3 of the Dungeon.
You were not hungry.

You visited 1 branch of the dungeon, and saw 3 of its levels.

You collected 103 gold pieces.

Inventory:

Missiles
 c - 73 bolts (quivered)
Armour
 e - a +0 pair of gloves (worn)
Jewellery
 a - a +3 ring of intelligence (right hand)
 f - a ring of fire (left hand)
Scrolls
 b - 3 scrolls of remove curse
Comestibles
 d - a slice of pizza


   Skills:
 - Level 3.0 Fighting
 - Level 2.4 Dodging
 + Level 2.9 Stealth
 * Level 4.5 Unarmed Combat


You had 3 spell levels left.
You didn't know any spells.

Dungeon Overview and Level Annotations

Branches:
Dungeon (3/15)

Altars:
Okawaru

Annotations:
D:2 ! sigmund, terence, snake, 1 exclusion, Sigmund


Innate Abilities, Weirdness & Mutations

You do not eat or drink.
Your flesh is vulnerable to fire.
You are immune to poison.
Your flesh is cold resistant.
You are immune to negative energy.
You are immune to unholy pain and torment.
You can survive without breathing.


Message History

You barely miss the gnoll.
The gnoll is severely wounded.
The gnoll hits you with a spear.
You hit the gnoll but do no damage.
The gnoll is severely wounded.
The gnoll hits you with a spear.
You hit the gnoll but do no damage.
The gnoll is severely wounded.
The gnoll hits you with a spear!
* * * LOW HITPOINT WARNING * * *
You hit the gnoll.
The gnoll is almost dead.
The gnoll hits you but does no damage.
You barely miss the gnoll.
The gnoll is almost dead.
The gnoll misses you.
You closely miss the gnoll.
The gnoll is severely wounded.
The gnoll hits you with a spear!
You die...

.######.## #......#..
...>.....# #..###....
#######..# #..# #..##
#..###..# #.... #..##...#
##.## ####..##...####.#
#............##.#
#g##.........##.#
###.######@##............##
%.............(..(........†
###.#############...###....
##.## #..## #.# #..# #(
#..# #..# ...# ....


You could see a gnoll.

Vanquished Creatures
  Terence (D:2)
  A gnoll (D:3)
  2 adders
  An ooze (D:3)
  A worm (D:3)
  3 ball pythons
  2 giant cockroaches
  7 goblins
  5 hobgoblins
  7 jackals
  10 kobolds
  6 bats
  11 rats
57 creatures vanquished.

Notes
Turn   | Place    | Note
--------------------------------------------------------------
     0 | D:1      | M4edhros the Mummy Monk began the quest for the Orb.
     0 | D:1      | Reached XP level 1. HP: 18/18 MP: 1/1
   310 | D:1      | Reached XP level 2. HP: 14/24 MP: 2/2
  1643 | D:1      | Reached XP level 3. HP: 27/29 MP: 3/3
  1915 | D:2      | Noticed Terence
  2078 | D:1      | Reached skill level 4 in Unarmed Combat
  2495 | D:2      | Found an iron altar of Okawaru.
  2504 | D:2      | Noticed Sigmund
  2604 | D:3      | shit snake
  2604 | D:3      | lets punch it : )
  2855 | D:3      | first snake scored
  2869 | D:3      | Reached XP level 4. HP: 27/35 MP: 4/4
  3270 | D:2      | HP: 1/35 [Terence/short sword (5)]
  3271 | D:2      | Killed Terence
  3580 | D:2      | terence killed
  3985 | D:3      | Slain by a gnoll

Vault maps used:
D:1:      onia_arrival_handbag
D:2:      okawaru_trees_2, uniq_terence, uniq_sigmund, uniq_crazy_yiuf_cottage
D:3:      first_bread, uniq_grinder

Action                   |  1- 3 |  4- 6 || total
-------------------------+-------+-------++-------
Melee: Unarmed           |   160 |    77 ||   237
  Use: Scroll            |     1 |       ||     1
 Stab: Sleeping          |     5 |     1 ||     6
